Map: Misty Swamp

Players

Spokes

  • Race: Terran Terran
  • Spawn Location: 9:00

Broilium

  • Race: Zerg Zerg
  • Spawn Location: 12:00

RicolasRage

  • Race: Protoss Protoss
  • Spawn Location: 9:00

SubjectXile - Winner!

  • Race: Terran Terran
  • Spawn Location: 3:00

aaronSC - Winner!

  • Race: Zerg Zerg
  • Spawn Location: 12:00

Pain - Winner!

  • Race: Terran Terran
  • Spawn Location: 3:00

VOD

Have the link to the VOD?

Description

Time

  • Played on: March 14, 2018, 1:28 a.m.
  • Length: 9:52
Show
View Real Time Build Order
Export as new Build Order

Spokes Terran 

Build Orders: MMM Bio 

Get SALT Encoding   

  12  0:01  SCV  
  13  0:13  SCV  
  14  0:24  Supply Depot  
  14  0:25  SCV  
  15  0:46  SCV  
  16  0:54  Barracks  
  16  0:58  SCV  
  17  1:10  SCV  
  18  1:22  SCV  
  19  1:29  Refinery  
  19  1:43  Marine  
  20  1:51  Orbital Command  
  20  1:54  Command Center  
  20  2:04  Supply Depot  
  20  2:17  Barracks Reactor  
  20  2:30  Barracks  
  20  2:35  SCV  
  20  2:47  SCV  
  21  2:59  SCV  
  21  3:04  Factory  
  21  3:05  Marine x2  
  24  3:22  Marine x2  
  24  3:23  Barracks Tech Lab  
  26  3:36  SCV  
  26  3:40  Marine x2  
  29  3:45  Marine  
  29  3:47  Stimpack  
  30  3:48  SCV  
  30  3:53  Engineering Bay  
  31  3:57  Engineering Bay  
  31  4:09  Factory Reactor  
  31  4:23  Refinery  
  31  4:24  Marine  
  31  4:25  Marine x2  
  31  4:30  SCV x2  
  36  4:37  Starport  
  36  4:42  SCV x2, Marine  
  37  5:03  Hellion  
  37  5:04  Hellion  
  41  5:07  SCV x2  
  41  5:08  Marine  
  41  5:09  Marine x2  
  46  5:28  Supply Depot x2  
  46  5:32  Refinery  
  46  5:33  Refinery  
  46  5:46  Orbital Command  
  46  5:48  Combat Shields  
  46  5:49  SCV, Marine x3  
  50  6:01  SCV  
  51  6:07  Marine x2  
  49  6:26  Marine  
  49  6:27  Marine x2  
  52  6:44  Marine  
  52  6:45  Marine x2  
  52  6:46  Barracks  
  55  6:48  Barracks  
  55  6:49  Barracks  
  55  6:55  Medivac x2  
  55  6:58  Factory Tech Lab  
  59  7:02  Marine  
  60  7:14  Supply Depot  
  60  7:15  Supply Depot  
  52  8:03  Marine x3  
  35  8:06  Barracks Reactor  
  35  8:07  Barracks Reactor x2  
  32  8:20  Marine  
  32  8:21  Marine x2  
  11  8:38  Marine  
  11  8:39  Marine x2  
  10  8:44  SCV  
  4  8:49  Marine x5  
  10  8:56  SCV  
  10  8:57  Marine  
  10  9:06  Marine  
  10  9:07  Marine x2  
  10  9:08  SCV  
  11  9:15  Marine  
  9  9:23  SCV  
  7  9:35  SCV  
Show
View Real Time Build Order
Export as new Build Order

Broilium Zerg 

Build Orders: Pool First 

Get SALT Encoding   

  12  0:04  Drone  
  13  0:28  Overlord  
  13  0:29  Drone  
  13  0:34  Overlord  
  14  1:01  Drone x2  
  16  1:11  Drone  
  17  1:27  Spawning Pool  
  16  1:49  Overlord  
  16  1:50  Overlord  
  16  2:19  Zergling x6  
  16  2:21  Queen  
  21  2:30  Extractor  
  21  2:35  Drone  
  21  3:14  Drone x3  
  21  3:18  Hatchery  
  23  3:46  Drone, Extractor  
  23  3:47  Drone  
  24  4:05  Drone x3  
  27  4:24  Lair  
  27  4:35  Drone  
  28  4:52  Hatchery  
  27  5:06  Zergling x8  
  32  5:07  Zergling x4  
  33  5:44  Drone, Baneling Nest  
  33  5:46  Drone  
  33  5:49  Queen  
  34  5:51  Drone x3  
  39  6:06  Drone  
  40  6:21  Burrow  
  40  6:35  Drone  
  40  6:36  Drone x2  
  43  6:51  Drone x3  
  46  6:59  Baneling x4  
  46  7:00  Baneling x6  
  46  7:01  Baneling x6  
  46  7:02  Baneling x2  
  46  7:09  Centrifical Hooks  
  37  7:41  Zergling x6  
  40  8:03  Baneling  
  40  8:04  Baneling x5  
  38  8:33  Zergling x8  
  38  8:34  Zergling x4  
  29  9:19  Drone x2  
  29  9:20  Drone  
Show
View Real Time Build Order
Export as new Build Order

RicolasRage Protoss 

Build Orders:  

Get SALT Encoding   

  12  0:04  Probe  
  13  0:17  Probe  
  14  0:27  Pylon  
  14  0:29  Probe  
  15  0:45  Probe  
  15  0:49  Gateway  
  16  0:58  Probe  
  17  1:05  Assimilator  
  17  1:10  Probe  
  18  1:15  Gateway  
  18  1:23  Probe  
  19  1:35  Probe  
  20  1:40  Zealot  
  22  1:47  Pylon, Probe  
  23  1:56  Assimilator  
  23  2:05  Probe  
  23  2:07  Zealot (Chrono Boost)  
  23  2:08  Cybernetics Core  
  26  2:10  Zealot (Chrono Boost)  
  28  2:35  Zealot  
  30  2:43  Nexus  
  30  2:52  Forge  
  28  3:30  Zealot (Chrono Boost)  
  28  3:31  Adept (Chrono Boost)  
  28  3:42  Pylon  
  28  3:44  Pylon  
  28  3:48  Robotics Facility, Adept (Chrono Boost)  
  28  3:55  Adept  
  32  4:02  Pylon  
  32  4:07  Pylon  
  32  4:14  Warp Gate  
  32  4:15  Adept  
  34  4:19  Protoss Ground Weapons Level 1  
  34  4:28  Probe (Chrono Boost)  
  35  4:38  Probe (Chrono Boost)  
  37  4:39  Probe (Chrono Boost)  
  35  4:46  Probe  
  34  4:57  Adept x2  
  38  5:09  Probe  
  39  5:20  Photon Cannon  
  39  5:21  Probe (Chrono Boost)  
  39  5:24  Sentry, Adept  
  44  5:33  Probe (Chrono Boost)  
  46  5:36  Probe (Chrono Boost)  
  46  5:41  Probe (Chrono Boost)  
  48  5:43  Photon Cannon, Probe (Chrono Boost)  
  48  5:48  Probe (Chrono Boost)  
  49  5:53  Sentry  
  50  5:59  Probe  
  51  6:07  Adept  
  53  6:18  Photon Cannon  
  53  6:19  Adept  
  55  6:36  Robotics Bay  
  24  8:36  Probe  
  11  8:49  Probe  
  11  8:55  Robotics Bay  
  12  8:59  Gateway  
  12  9:01  Probe  
  13  9:07  Assimilator  
  13  9:12  Assimilator  
  13  9:13  Probe  
  14  9:25  Probe  
  14  9:27  Forge  
  15  9:37  Probe  
Show
View Real Time Build Order
Export as new Build Order

SubjectXile Terran - Winner!

Build Orders:  

Get SALT Encoding   

  12  0:02  SCV  
  13  0:14  SCV  
  13  0:20  Supply Depot  
  14  0:44  Barracks  
  14  1:21  Barracks  
  14  1:23  Barracks  
  14  1:24  Barracks  
  14  1:26  Barracks  
  14  1:36  Marine  
  15  1:48  Supply Depot  
  15  1:54  Marine  
  15  1:55  SCV  
  17  2:07  Marine  
  18  2:11  Marine  
  18  2:12  Marine  
  18  2:13  Marine  
  21  2:23  Marine  
  21  2:25  Marine  
  21  2:29  Marine  
  24  2:43  Marine  
  24  2:44  Marine x3  
  25  2:47  Marine  
  20  3:30  Marine x3  
  20  3:31  Marine x2  
  25  3:48  Marine x5  
  30  4:06  Marine  
  31  4:12  Supply Depot  
  31  4:14  Supply Depot  
  31  4:33  Marine x5  
  35  4:51  Marine x4  
  31  4:57  Marine  
  31  5:09  Marine x4  
  32  5:14  Marine  
  33  5:26  Marine x4  
  37  5:32  Marine  
  38  5:44  Marine x4  
  42  5:50  Marine  
  43  6:02  Marine x4  
  46  6:26  Marine  
  46  6:31  Supply Depot  
  47  6:33  Supply Depot  
  47  6:34  Supply Depot  
  47  6:52  Marine x4  
  27  8:08  Marine x2  
  27  8:09  Marine x3  
  32  8:26  Marine x3  
  32  8:27  Marine x2  
  34  8:44  Marine  
  34  8:45  Marine x4  
  39  9:02  Marine  
  39  9:03  Marine x4  
  43  9:20  Marine x2  
  43  9:21  Marine x3  
Show
View Real Time Build Order
Export as new Build Order

aaronSC Zerg - Winner!

Build Orders: Pool First 

Get SALT Encoding   

  12  0:03  Drone  
  13  0:10  Drone  
  14  0:17  Overlord  
  14  0:36  Drone x2  
  14  0:38  Drone  
  17  0:48  Drone  
  18  0:54  Extractor  
  17  1:01  Drone  
  18  1:14  Overlord  
  18  1:22  Drone  
  19  1:33  Overlord  
  19  1:44  Overlord  
  19  1:51  Spawning Pool  
  18  1:59  Evolution Chamber  
  17  2:03  Drone x2  
  19  2:27  Drone x2  
  21  2:39  Extractor  
  21  2:40  Metabolic Boost  
  21  2:42  Zerg Melee Weapons Level 1  
  20  2:46  Queen  
  22  3:08  Zergling x2  
  22  3:09  Zergling x4  
  25  3:20  Baneling Nest  
  25  3:26  Zergling x2  
  25  3:31  Zergling x2  
  26  3:42  Zergling x2, Hatchery  
  26  3:52  Zergling x2  
  27  3:57  Lair  
  27  4:11  Zergling x6  
  27  4:17  Overlord  
  30  4:21  Baneling  
  30  4:22  Baneling x4  
  30  4:26  Zergling x2  
  31  4:42  Drone  
  31  4:44  Drone  
  31  4:45  Zergling x2, Drone  
  35  4:50  Drone  
  36  5:10  Zergling x2  
  37  5:16  Centrifical Hooks  
  37  5:27  Zerg Ground Armor Level 1  
  37  5:30  Zergling x6  
  37  5:31  Zergling x4  
  42  5:42  Zergling x2  
  43  5:48  Drone x3  
  46  6:07  Lair  
  46  6:09  Drone  
  47  6:11  Zergling x6  
  47  6:12  Zergling x6  
  53  6:32  Extractor  
  52  6:46  Zergling x10  
  59  6:47  Zergling x6  
  60  7:03  Overlord x3  
  60  7:21  Baneling x7, Zerg Melee Weapons Level 2  
  60  7:22  Baneling x5  
  60  7:27  Zergling x2  
  61  7:32  Drone  
  61  7:34  Drone  
  53  8:05  Zergling x2  
  53  8:06  Zergling x10  
  51  8:48  Zergling x8  
  51  8:49  Zergling x4  
  56  9:06  Zergling x4  
Show
View Real Time Build Order
Export as new Build Order

Pain Terran - Winner!

Build Orders:  

Get SALT Encoding   

  12  0:04  SCV  
  13  0:40  Supply Depot  
  13  1:16  Barracks  
  13  1:22  Barracks  
  13  1:33  Refinery  
  13  1:34  SCV  
  14  1:46  SCV  
  15  1:50  Engineering Bay  
  15  1:58  SCV  
  16  2:10  SCV, Marine  
  18  2:22  SCV  
  19  2:25  Bunker  
  19  2:28  Marine  
  20  2:34  SCV  
  21  2:45  Marine  
  21  2:46  SCV  
  23  3:02  Orbital Command  
  23  3:09  Supply Depot  
  23  3:30  Marine x2  
  25  3:48  Marine x2  
  27  3:55  SCV  
  27  3:56  Command Center  
  28  4:06  Marine x2  
  28  4:07  Refinery  
  28  4:08  SCV  
  31  4:29  Supply Depot  
  31  4:47  Barracks Reactor  
  31  4:51  SCV, Barracks Reactor  
  32  4:54  Terran Infantry Weapons Level 1  
  32  4:59  Supply Depot  
  32  5:00  Missile Turret  
  32  5:03  SCV  
  33  5:15  SCV  
  34  5:23  Supply Depot  
  34  5:24  Factory, SCV  
  34  5:27  SCV  
  36  5:36  SCV  
  37  5:48  SCV  
  38  5:52  Marine x4  
  42  5:58  SCV  
  42  6:00  SCV  
  44  6:09  Marine  
  44  6:10  SCV, Marine  
  47  6:12  Supply Depot, SCV  
  48  6:22  Armory  
  48  6:25  SCV  
  49  6:28  SCV  
  50  6:35  Supply Depot  
  50  6:37  SCV  
  51  6:40  SCV  
  51  6:43  Marine x4  
  56  6:49  Terran Infantry Armor Level 1, SCV  
  56  6:52  SCV  
  58  7:01  Marine x4  
  62  7:18  Marine x2  
  62  7:19  Marine x2  
  66  7:30  Barracks  
  66  7:36  Marine x4  
  70  7:54  Marine x4  
  73  8:12  Marine x4  
  75  8:30  Marine x4  
  75  8:47  Marine  
  75  8:48  Marine x3  
  79  9:05  Marine x3  
  79  9:06  Marine  
  83  9:23  Marine x4  
Tags
 
Add a new tag
Caveats
  • Supply blocks, unpowered buildings, or Contaminate may cause inaccurate times.
  • Supply counts are checked every 10 seconds.